 Dungeon Crawl Stone Soup version 0.16.1-17-g773cdaf (webtiles) character file.

29 jacksonaction the Changer (level 3, 0/23 HPs)
             Began as an Octopode Transmuter on Apr 22, 2015.
             Succumbed to an adder's poison
             ... on level 2 of the Dungeon.
             The game lasted 00:02:51 (1051 turns).

jacksonaction the Changer (Octopode Transmuter)     Turns: 1051, Time: 00:02:51

Health: 0/23       AC:  1    Str:  9    XL:     3   Next: 16%
Magic:  4/6        EV: 12    Int: 16    God:
Gold:   49         SH:  0    Dex: 12    Spells: 1 memorised, 5 levels left

rFire  . . .     SeeInvis .       - Unarmed
rCold  . . .     Clarity  .     (no shield)
rNeg   . . .     SustAb   .     (helmet restricted)
rPois  .         Gourm    .     (no amulet)
rElec  .         Spirit   .     (no ring)
rCorr  .         Warding  .     (no ring)
rMut   .         Stasis   .     (no ring)
MR     .....                    (no ring)
Stlth  ++........               (no ring)
                                (no ring)
                                (no ring)
                                (no ring)

@: lethally poisoned (0 -> -4), appendage, not resistant to hostile
enchantments, unstealthy
A: almost no armour, amphibious, 8 rings, constrict 8, tentacle spike 3,
camouflage 1, gelatinous body 1
a: End Transformation


You were on level 2 of the Dungeon.
You were not hungry.
One of your tentacles had a temporary spike.
You visited 1 branch of the dungeon, and saw 2 of its levels.

You collected 49 gold pieces.

Inventory:

Hand weapons
 e - a cursed -2 dagger
Missiles
 j - 25 poisoned needles
Scrolls
 b - a scroll of teleportation {unknown}
 f - a scroll of magic mapping {unknown}
 h - a scroll of noise {unknown}
 i - a scroll of identify {unknown}
Potions
 c - a potion of curing {unknown}
 g - a potion of beneficial mutation {unknown}
 k - a potion of poison {unknown}
Books
 d - a book of Changes

   Spells                             Type                      Level
   a - Beastly Appendage              Transmutation                1
   b - Sticks to Snakes               Transmutation                2
   c - Spider Form                    Transmutation/Poison         3
   d - Ice Form                       Ice/Transmutation            4
   e - Blade Hands                    Transmutation                5
Comestibles
 a - a bread ration


   Skills:
 - Level 1.0 Fighting
 - Level 2.0 Dodging
 - Level 3.0 Unarmed Combat
 - Level 2.0 Spellcasting
 + Level 3.5 Transmutations


You had 5 spell levels left.
You knew the following spells:

 Your Spells              Type           Power        Failure   Level  Hunger
a - Beastly Appendage     Trmt           ##....       6%          1    #......


Dungeon Overview and Level Annotations

Branches:
Dungeon (2/15)

Altars:


Innate Abilities, Weirdness & Mutations

You cannot wear most types of armour.
You are amphibious.
You can wear up to eight rings at the same time.
You can use your tentacles to constrict many enemies at once.
Your skin changes colour to match your surroundings (Stealth).
Your rubbery body absorbs attacks (AC +1).
One of your tentacles bears a large vicious spike.


Message History

You tentacle-slap the adder. Your grab misses the adder.
The adder is moderately wounded.
* * * LOW HITPOINT WARNING * * *
You feel sick. The adder closely misses you.
You tentacle-slap the adder. You grab the adder. You squeeze the adder.
The adder is heavily wounded.
You constrict the adder, but do no damage.
The adder closely misses you.
You tentacle-slap the adder.
You squeeze the adder, but do no damage.
The adder is heavily wounded.
You constrict the adder. The adder closely misses you. The adder bites you.
* * * LOW HITPOINT WARNING * * *
You tentacle-slap the adder.
You kill the adder!
You have reached level 3!
Your experience leads to an increase in your attributes!
Increase (S)trength, (I)ntelligence, or (D)exterity?
You feel clever.
You die...

# ###.#...). .# #.###... .#
#.###... ############..#
#.#.....
#..........#..#######.......
#.....#.......#.............
#..<..#.##.##.#.######......
........#.##.##+#.####.#......
........#.##.@.........#......
.....)#.#.####...#####.#......
.....#.#.. ......#.........
......### ...##.#..#...#..
...### #####.#..#..#...
##.####.>#... #.<......##..
#..#...#..... #..#.#.######


There were no monsters in sight!

Vanquished Creatures
  An adder (D:2)
  5 bats
  A giant cockroach (D:1)
  7 goblins
  2 quokkas (D:2)
  2 kobolds
  A rat (D:2)
19 creatures vanquished.

Notes
Turn   | Place    | Note
--------------------------------------------------------------
     0 | D:1      | jacksonaction, the Octopode Transmuter, began the quest for the Orb.
     0 | D:1      | Reached XP level 1. HP: 13/13 MP: 3/3
   262 | D:1      | Reached XP level 2. HP: 18/18 MP: 4/4
  1051 | D:2      | Reached XP level 3. HP: 1/23 MP: 4/6
  1051 | D:2      | Succumbed to an adder's poison

Action                   || total
-------------------------++-------
Melee: Unarmed           ||    43
 Cast: Beastly Appendage ||     2
 Stab: Sleeping          ||     6
